 Dungeon Crawl Stone Soup version 0.28.0-1-gb440e238dd (webtiles) character file.

Game seed: 6938677287009162545

18 Dirian the Vexing (level 2, 0/24 HPs)
             Began as a Hill Orc Wanderer on Feb 19, 2022.
             Slain by an ufetubus (4 damage)
             ... on level 2 of the Dungeon.
             The game lasted 00:01:22 (1213 turns).

Dirian the Vexing (Hill Orc Wanderer)               Turns: 1213, Time: 00:01:23

Health: 0/24       AC:  3    Str: 17    XL:     2   Next: 70%
Magic:  3/3        EV: 11    Int: 10    God:
Gold:   38         SH:  0    Dex:  9    Spells: 2/3 levels left

rFire   . . .      SeeInvis .   f - +0 hand axe
rCold   . . .      Faith    .   (no shield)
rNeg    . . .      Spirit   .   d - +0 leather armour
rPois   .          Reflect  .   (no helmet)
rElec   .          Harm     .   (no cloak)
rCorr   .          Rampage  .   (no gloves)
Will    .....                   (no boots)
Stlth   +.........              (no amulet)
HPRegen 0.08/turn               h - +4 ring of slaying
MPRegen 0.08/turn               (no ring)

@: no status effects
A: no striking features
a: no special abilities


You were on level 2 of the Dungeon.
You visited 1 branch of the dungeon, and saw 2 of its levels.

You collected 38 gold pieces.

Inventory:

Hand Weapons
 a - a +2 quarterstaff
 c - a +0 dagger
 f - a +0 hand axe (weapon)
Missiles
 b - 10 poisoned darts (quivered)
Armour
 d - a +0 leather armour (worn)
Jewellery
 e - a ring of positive energy
 h - a +4 ring of slaying (left hand)
Scrolls
 t - a scroll of teleportation


   Skills:
 + Level 1.8 Fighting
 * Level 2.1 Axes
 - Level 1.7 Staves
 - Level 1.0 Throwing
 + Level 1.0 Armour
 - Level 1.0 Spellcasting
 - Level 3.0 Hexes
 - Level 1.2 Invocations
 - Level 1.0 Evocations


You had 2 spell levels left.
You knew the following spells:

 Your Spells              Type           Power      Damage    Failure   Level
a - Slow                  Hex            24%        N/A       12%         1

Your spell library contained the following spells:

 Spells                   Type           Power      Damage    Failure   Level
 Shock                    Conj/Air       0%         1d3       38%         1
 Confusing Touch          Hex            6%         N/A       34%         3
 Summon Guardian Golem    Hex/Summ       3%         N/A       54%         3
 Swiftness                Air            0%         N/A       77%         3
 Vampiric Draining        Necr           0%         2d6       77%         3
 Airstrike                Air            0%         N/A       99%         4


Dungeon Overview and Level Annotations

Branches:
Dungeon (2/15)

Altars:


Message History

Things that are here:
a +0 club; 4 stones
There is an open door here.
You open the door.
There is an open door here.
An ufetubus comes into view.
The ufetubus shouts!
A hobgoblin comes into view.
There are monsters nearby!
There are monsters nearby!
You barely miss the ufetubus. The ufetubus barely misses you.
The ufetubus hits you. The ufetubus completely misses you.
The ufetubus hits you.
You closely miss the ufetubus. The ufetubus hits you. x3
The ufetubus closely misses you. The hobgoblin hits you.
You are too injured to fight recklessly!
You are too injured to fight recklessly!
You are too injured to fight recklessly!
You are too injured to fight recklessly!
You are too injured to fight recklessly!
You are too injured to fight recklessly!
You are too injured to fight recklessly!
You are too injured to fight recklessly!
You are too injured to fight recklessly!
You are too injured to fight recklessly!
You are too injured to fight recklessly!
You are too injured to fight recklessly!
You are too injured to fight recklessly!
You are too injured to fight recklessly!
You are too injured to fight recklessly!
The ufetubus barely misses you. The ufetubus closely misses you.
You closely miss the ufetubus. The ufetubus hits you.
The ufetubus barely misses you. The ufetubus hits you.
The ufetubus hits you but does no damage.
You barely miss the ufetubus. The ufetubus hits you.
* * * LOW HITPOINT WARNING * * *
The ufetubus hits you.
* * * LOW HITPOINT WARNING * * *
The ufetubus completely misses you. The ufetubus hits you.
You die...

##'## ##.#.# ##...##
#..... ## ##.....####.#.#
##.# ##.......#####..
##.#...####.........####..
..........'.........'.....
#........g#.........####..
#..##.###5##.......## ##.
# #@###.....## ## #.#
##...## # #.# ##+## # #.#
#.# ..# ###


You could see an ufetubus and a hobgoblin.

Vanquished Creatures
  A dart slug (D:1)
  A giant cockroach (D:1)
  2 hobgoblins
  3 kobolds
  2 quokkas (D:1)
  A ball python (D:1)
  A bat (D:1)
  3 frilled lizards (D:1)
  2 goblins (D:1)
  A rat (D:1)
17 creatures vanquished.

Notes
Turn   | Place    | Note
-------+----------+-------------------------------------------
     0 | D:1      | Dirian the Hill Orc Wanderer began the quest for the Orb.
     0 | D:1      | Dirian set off with the following items: a +2 quarterstaff,
                  | 10 poisoned darts, a +0 dagger, a +0 leather armour; and
                  | the following spell memorised: Slow; and the following
                  | spells available to memorise: Summon Guardian Golem
     0 | D:1      | Reached XP level 1. HP: 16/16 MP: 2/2
   125 | D:1      | Reached skill level 1 in Axes
   356 | D:1      | Reached XP level 2. HP: 23/23 MP: 3/3
   463 | D:1      | Found a faded altar of an unknown god.
   894 | D:1      | Reached skill level 1 in Armour
  1213 | D:2      | Slain by an ufetubus

Illustrated notes

Levels and vault maps discovered:
D:1:      saegor_arrival_simple_b, layout_rooms,
          hellmonk_ecumenical_altar_crossroads, minmay_misc_feat_doors
D:2:      layout_loops_corners

Skill      XL: |  1  2 |
---------------+-------+-----
Axes           | 1 2 |  2.1
Armour         | 1 |  1.0
Fighting       | |  1.8
Staves         | |  1.7
Throwing       | |  1.0
Spellcasting   | |  1.0
Hexes          | |  3.0
Invocations    | |  1.2
Evocations     | |  1.0

Action                   || total
-------------------------++-------
Melee: Quarterstaff      ||    21
       Hand axe          ||    48
  Use: Scroll            ||     2
Armor: Leather armour    ||    25
Dodge: Dodged            ||    40
